BR (22 & UNDER)
ATLANTIC CITY WAR DOGS @ GILBERT FIRE FIGHTERS
09/16/2030
 
TOP OF THE 1ST
Atlantic City War Dogs batting - Pitching for Gilbert Fire Fighters : RHP Marc Ivey
Pitching: RHP Marc Ivey
Batting: RHB Roberto Díaz 0-0: Ball
1-0: Ball
2-0: Called Strike
2-1: Ball
3-1: Base on Balls
Batting: LHB Tomás Mata 0-0: Fly out, F6 (Popup, 6M)
Batting: LHB Matt Clark 0-0: Called Strike
0-1: Ball
1-1: Foul Ball, location: 2F
1-2: SINGLE (Groundball, 3D)
Roberto Díaz to second
Runner from 2nd tries for 3rd, SAFE, no throw
Batting: RHB Juan Sepúlveda 0-0: Swinging Strike
0-1: Ball
1-1: Ball
2-1: Fly out, F4 (Line Drive, 4M)
Lined into DP, 4-3 (Line Drive, 4M)
Top of the 1st over - 0 runs, 1 hit, 0 errors, 1 left on base; Atlantic City 0 - Gilbert 0
BOTTOM OF THE 1ST
Gilbert Fire Fighters batting - Pitching for Atlantic City War Dogs : RHP Maurice Griffin
Pitching: RHP Maurice Griffin
Batting: RHB Carlos Canales 0-0: Ball
1-0: Foul Ball, location: 2F
1-1: Ball
2-1: Ground out 6-3 (Groundball, 6)
Batting: RHB Fernando Morán 0-0: Ball
1-0: Swinging Strike
1-1: Ball
2-1: Ball
3-1: Ground out 5-3 (Groundball, 5)
Batting: RHB Pedro Silva 0-0: Ball
1-0: Ground out 4-3 (Groundball, 34)
Bottom of the 1st over - 0 runs, 0 hits, 0 errors, 0 left on base; Atlantic City 0 - Gilbert 0
TOP OF THE 2ND
Atlantic City War Dogs batting - Pitching for Gilbert Fire Fighters : RHP Marc Ivey
Batting: RHB Wyatt Wallace 0-0: Fly out, F8 (Flyball, 8RD)
Batting: SHB Brian Estes 0-0: Swinging Strike
0-1: Called Strike
0-2: Foul Ball, location: 2F
0-2: Ball
1-2: Ball
2-2: Strikes out swinging
Batting: RHB Richard Bass 0-0: Foul Ball, location: 2F
0-1: Ground out 5-3 (Groundball, 5L)
Top of the 2nd over - 0 runs, 0 hits, 0 errors, 0 left on base; Atlantic City 0 - Gilbert 0
BOTTOM OF THE 2ND
Gilbert Fire Fighters batting - Pitching for Atlantic City War Dogs : RHP Maurice Griffin
Batting: LHB Bill Handy 0-0: Fly out, F6 (Popup, 6M)
Batting: RHB Bill Salinas 0-0: Swinging Strike
0-1: Called Strike
0-2: Ball
1-2: Strikes out swinging
Batting: RHB Travis Mchugh 0-0: Swinging Strike
0-1: Ball
1-1: Foul Ball, location: 2F
1-2: Foul Ball, location: 2F
1-2: Foul Ball, location: 2F
1-2: Strikes out swinging
Bottom of the 2nd over - 0 runs, 0 hits, 0 errors, 0 left on base; Atlantic City 0 - Gilbert 0
TOP OF THE 3RD
Atlantic City War Dogs batting - Pitching for Gilbert Fire Fighters : RHP Marc Ivey
Batting: RHB Dillon Farley 0-0: Called Strike
0-1: Swinging Strike
0-2: Strikes out swinging
Batting: LHB Miguel Rodríguez 0-0: Called Strike
0-1: Called Strike
0-2: Ball
1-2: Ball
2-2: Strikes out swinging, 2-3 out at first.
Batting: RHB Roberto Díaz 0-0: Called Strike
0-1: Ball
1-1: Swinging Strike
1-2: Ball
2-2: Strikes out swinging
Top of the 3rd over - 0 runs, 0 hits, 0 errors, 0 left on base; Atlantic City 0 - Gilbert 0
BOTTOM OF THE 3RD
Gilbert Fire Fighters batting - Pitching for Atlantic City War Dogs : RHP Maurice Griffin
Batting: RHB Pedro Vásquez 0-0: Ball
1-0: Fly out, F4 (Line Drive, 4)
Batting: RHB Raúl Ottoboni 0-0: Foul Ball, location: 2F
0-1: Bunt for hit - play at first, batter OUT! 3-4
Batting: LHB Larry Chase 0-0: Swinging Strike
0-1: Ground out U3 (Groundball, 3)
Bottom of the 3rd over - 0 runs, 0 hits, 0 errors, 0 left on base; Atlantic City 0 - Gilbert 0
TOP OF THE 4TH
Atlantic City War Dogs batting - Pitching for Gilbert Fire Fighters : RHP Marc Ivey
Batting: LHB Tomás Mata 0-0: Ball
1-0: Ground out 1-3 (Groundball, 13S)
Batting: LHB Matt Clark 0-0: Ball
1-0: Fly out, F9 (Line Drive, 89D)
Batting: RHB Juan Sepúlveda 0-0: Ball
1-0: Ground out 4-3 (Groundball, 34)
Top of the 4th over - 0 runs, 0 hits, 0 errors, 0 left on base; Atlantic City 0 - Gilbert 0
BOTTOM OF THE 4TH
Gilbert Fire Fighters batting - Pitching for Atlantic City War Dogs : RHP Maurice Griffin
Batting: RHB Carlos Canales 0-0: Foul Ball, location: 2F
0-1: Fly out, F5 (Popup, 25F)
Batting: RHB Fernando Morán 0-0: Ball
1-0: Ball
2-0: Called Strike
2-1: Ground out 4-3 (Groundball, 4)
Batting: RHB Pedro Silva 0-0: Ball
1-0: Called Strike
1-1: Ground out 1-3 (Groundball, P)
Bottom of the 4th over - 0 runs, 0 hits, 0 errors, 0 left on base; Atlantic City 0 - Gilbert 0
TOP OF THE 5TH
Atlantic City War Dogs batting - Pitching for Gilbert Fire Fighters : RHP Marc Ivey
Batting: RHB Wyatt Wallace 0-0: Ball
1-0: Foul Ball, location: 2F
1-1: Ball
2-1: Ball
3-1: Foul Ball, location: 2F
3-2: DOUBLE (Line Drive, 7LM)
Batting: SHB Brian Estes 0-0: Ball
1-0: SINGLE (Line Drive, 34D)
Wyatt Wallace to third
Batting: RHB Richard Bass 0-0: Called Strike
0-1: Foul Ball, location: 2F
0-2: Strikes out swinging
Batting: RHB Dillon Farley 0-0: Ball
1-0: Ball
2-0: Ball
3-0: Base on Balls
Brian Estes to second
Batting: LHB Miguel Rodríguez 0-0: Fly out, F3 (Line Drive, 3)
Batting: RHB Roberto Díaz 0-0: Called Strike
0-1: Ball
Wild Pitch!
Wyatt Wallace scores
Brian Estes to third
Dillon Farley to second
1-1: Swinging Strike
1-2: Ball
2-2: Strikes out swinging
Top of the 5th over - 1 run, 2 hits, 0 errors, 2 left on base; Atlantic City 1 - Gilbert 0
BOTTOM OF THE 5TH
Gilbert Fire Fighters batting - Pitching for Atlantic City War Dogs : RHP Maurice Griffin
Batting: LHB Bill Handy 0-0: Ball
1-0: Ball
2-0: Called Strike
2-1: Foul Ball, location: 2F
2-2: Ball
3-2: Strikes out looking
Batting: RHB Bill Salinas 0-0: Ground out 4-3 (Groundball, 4)
Batting: RHB Travis Mchugh 0-0: Called Strike
0-1: Called Strike
0-2: Foul Ball, location: 2F
0-2: Fly out, F9 (Line Drive, 9S)
Bottom of the 5th over - 0 runs, 0 hits, 0 errors, 0 left on base; Atlantic City 1 - Gilbert 0
TOP OF THE 6TH
Atlantic City War Dogs batting - Pitching for Gilbert Fire Fighters : RHP Marc Ivey
Batting: LHB Tomás Mata 0-0: Ball
1-0: Ball
2-0: Foul Ball, location: 2F
2-1: Foul Ball, location: 2F
2-2: Foul Ball, location: 2F
2-2: Ball
3-2: Foul Ball, location: 2F
3-2: Ground out 5-3 (Groundball, 5)
Batting: LHB Matt Clark 0-0: Ball
1-0: SINGLE (Line Drive, 7S)
Batting: RHB Juan Sepúlveda 0-0: Ball
1-0: Fly out, F3 (Popup, 3SF)
Batting: RHB Wyatt Wallace 0-0: Called Strike
0-1: Called Strike
0-2: Strikes out swinging
Top of the 6th over - 0 runs, 1 hit, 0 errors, 1 left on base; Atlantic City 1 - Gilbert 0
BOTTOM OF THE 6TH
Gilbert Fire Fighters batting - Pitching for Atlantic City War Dogs : RHP Maurice Griffin
Batting: RHB Pedro Vásquez 0-0: Ball
1-0: Called Strike
1-1: Fly out, F9 (Flyball, 9)
Batting: RHB Raúl Ottoboni 0-0: Ball
1-0: Swinging Strike
1-1: Called Strike
1-2: Strikes out swinging
Batting: LHB Larry Chase 0-0: Foul Ball, location: 2F
0-1: SINGLE (Groundball, 4MD)
Batting: RHB Carlos Canales 0-0: Foul Ball, location: 2F
0-1: Ball
1-1: Ball
Wild Pitch!
Larry Chase to second
2-1: Ground out 5-3 (Groundball, 56S)
Bottom of the 6th over - 0 runs, 1 hit, 0 errors, 1 left on base; Atlantic City 1 - Gilbert 0
TOP OF THE 7TH
Atlantic City War Dogs batting - Pitching for Gilbert Fire Fighters : RHP Marc Ivey
Batting: SHB Brian Estes 0-0: Called Strike
0-1: Called Strike
0-2: Ball
1-2: Strikes out swinging
Batting: RHB Richard Bass 0-0: Ball
1-0: Foul Ball, location: 2F
1-1: Foul Ball, location: 2F
1-2: Ball
2-2: Ball
3-2: Foul Ball, location: 2F
3-2: Foul Ball, location: 2F
3-2: Foul Ball, location: 2F
3-2: Base on Balls
Pinch Hitting: LHB Carl Childs 0-0: Ball
1-0: Swinging Strike
1-1: Ball
2-1: Ball
3-1: Base on Balls
Richard Bass to second
Batting: LHB Miguel Rodríguez 0-0: Called Strike
0-1: Ball
1-1: Foul Ball, location: 2F
1-2: Foul Ball, location: 2F
1-2: Fly out, F8 (Flyball, 8LM)
Pinch Hitting: LHB Chris Martin 0-0: Ball
1-0: Ball
2-0: Ball
3-0: Called Strike
3-1: Called Strike
3-2: Foul Ball, location: 2F
3-2: Strikes out swinging
Top of the 7th over - 0 runs, 0 hits, 0 errors, 2 left on base; Atlantic City 1 - Gilbert 0
BOTTOM OF THE 7TH
Gilbert Fire Fighters batting - Pitching for Atlantic City War Dogs : RHP Maurice Griffin
Now at 3B: Chris Martin
Now in CF: Ramón Romero
Batting: RHB Fernando Morán 0-0: Called Strike
0-1: Foul Ball, location: 2F
0-2: Ball
1-2: Strikes out looking
Batting: RHB Pedro Silva 0-0: Ball
1-0: Ball
2-0: Called Strike
2-1: Swinging Strike
2-2: Ball
3-2: Strikes out swinging
Batting: LHB Bill Handy 0-0: Called Strike
0-1: Ball
1-1: Swinging Strike
1-2: Strikes out swinging
Bottom of the 7th over - 0 runs, 0 hits, 0 errors, 0 left on base; Atlantic City 1 - Gilbert 0
TOP OF THE 8TH
Atlantic City War Dogs batting - Pitching for Gilbert Fire Fighters : RHP Marc Ivey
Pitching: RHP Tony Singleton
Batting: LHB Tomás Mata 0-0: Foul Ball, location: 2F
0-1: Swinging Strike
0-2: Strikes out swinging
Batting: LHB Matt Clark 0-0: Ball
1-0: Foul Ball, location: 2F
1-1: Swinging Strike
1-2: Ball
2-2: Ground out 4-3 (Groundball, 34)
Batting: RHB Juan Sepúlveda 0-0: Swinging Strike
0-1: Ball
1-1: Ball
2-1: Foul Ball, location: 2F
2-2: Ball
3-2: Foul Ball, location: 2F
3-2: Strikes out swinging
Top of the 8th over - 0 runs, 0 hits, 0 errors, 0 left on base; Atlantic City 1 - Gilbert 0
BOTTOM OF THE 8TH
Gilbert Fire Fighters batting - Pitching for Atlantic City War Dogs : RHP Maurice Griffin
Now in LF: Chris Smith
Batting: RHB Bill Salinas 0-0: Ball
1-0: Foul Ball, location: 2F
1-1: Foul Ball, location: 2F
1-2: Ground out 4-3 (Groundball, 34)
Batting: RHB Travis Mchugh 0-0: Ball
1-0: SINGLE (Flyball, 89S)
Pinch Runner at 1st Nick Simmons:
Batting: RHB Pedro Vásquez 0-0: Ball
1-0: SINGLE (Groundball, 4MD)
Nick Simmons to second
Batting: RHB Raúl Ottoboni 0-0: Called Strike
0-1: Ball
1-1: Ball
2-1: Fly out, F8 (Flyball, 8LS)
Batting: LHB Larry Chase 0-0: Foul Ball, location: 2F
0-1: Fly out, F4 (Popup, 4D)
Bottom of the 8th over - 0 runs, 2 hits, 0 errors, 2 left on base; Atlantic City 1 - Gilbert 0
TOP OF THE 9TH
Atlantic City War Dogs batting - Pitching for Gilbert Fire Fighters : RHP Tony Singleton
Now at 3B: Lance Cherry
Batting: RHB Wyatt Wallace 0-0: Foul Ball, location: 2F
0-1: Fly out, F9 (Flyball, 89M)
Batting: SHB Brian Estes 0-0: Ball
1-0: Called Strike
1-1: Swinging Strike
1-2: Strikes out swinging
Batting: RHB Richard Bass 0-0: Called Strike
0-1: Foul Ball, location: 2F
0-2: Foul Ball, location: 2F
0-2: Ball
1-2: Ball
2-2: Ground out 6-3 (Groundball, 6MD)
Top of the 9th over - 0 runs, 0 hits, 0 errors, 0 left on base; Atlantic City 1 - Gilbert 0
BOTTOM OF THE 9TH
Gilbert Fire Fighters batting - Pitching for Atlantic City War Dogs : RHP Maurice Griffin
Batting: RHB Carlos Canales 0-0: Ball
1-0: Called Strike
1-1: Ground out 4-3 (Groundball, 34)
Batting: RHB Fernando Morán 0-0: Called Strike
0-1: Ball
1-1: Called Strike
1-2: SINGLE (Groundball, 34D)
Pinch Hitting: RHB Shane Hunter 0-0: Grounds into double play, 6-4-3 (Groundball, 56)
Bottom of the 9th over - 0 runs, 1 hit, 0 errors, 0 left on base; Atlantic City 1 - Gilbert 0
Saturday, April 7th, 2018 - OOTP Baseball 18.8 Build 76